 Dungeon Crawl Stone Soup version 0.21.1-1-g345015f (webtiles) character file.

281546 Melicamp the Hoplite (level 20, -4/180 HPs)
             Began as a Barachi Artificer on Apr 15, 2018.
             Was the Champion of Cheibriados.
             Slain by Melicamp's illusion (6 damage)
             ... woven by Mara
             ... on level 2 of the Vaults on May 15, 2018.
             The game lasted 03:00:31 (45993 turns).

Melicamp the Hoplite (Barachi Artificer)           Turns: 45993, Time: 03:00:32

Health: -4/180     AC: 25    Str: 36    XL:     20   Next: 50%
Magic:  0/26       EV:  9    Int: 28    God:    Cheibriados [******]
Gold:   848        SH: 37    Dex: 32    Spells: 26/28 levels left

rFire    + . .     SeeInvis +   N - +7 war axe (freeze)
rCold    + . .     Gourm    .   E - +3 large shield
rNeg     + . .     Faith    .   a - +0 gold dragon scales
rPois    +         Spirit   +   y - +2 helmet
rElec    .         Reflect  +   Q - scarf {Spirit}
rCorr    .         Harm     .   M - +0 pair of gloves
MR       +....                  Y - +1 pair of boots
Stlth    ..........             O - +6 amulet of reflection
HPRegen  0.40/turn              P - ring of Wishful Thinking {+Fly rN+ Dex+4 SInv Stlth+}
MPRegen  0.20/turn              q - +4 ring of slaying

@: very slow
A: +LOS, swims, slowness 1, strong legs 2
}: 2/15 runes: decaying, gossamer
a: Hop, Bend Time, Temporal Distortion, Slouch, Step From Time, Renounce
Religion, Evoke Flight


You were on level 2 of the Vaults.
You worshipped Cheibriados.
Cheibriados was exalted by your worship.
You were not hungry.

You visited 7 branches of the dungeon, and saw 34 of its levels.
You also visited: Labyrinth and Ice Cave.

You collected 4202 gold pieces.
You spent 3354 gold pieces at shops.

Inventory:

Hand Weapons
 G - a +2 fustibalus
   (You bought it in a shop on level 2 of the Orcish Mines)
 N - a +7 war axe of freezing (weapon)
   (You took it off a wight on level 10 of the Dungeon)
Missiles
 h - 821 stones (quivered)
 x - 795 arrows
 A - 283 sling bullets
Armour
 a - +0 gold dragon scales (worn)
   (You bought it in a shop on level 2 of the Orcish Mines)
 y - a +2 helmet (worn)
   (You found it on level 6 of the Lair of Beasts)
 E - a +3 large shield (worn)
   (You found it on level 6 of the Dungeon)
 M - a +0 pair of gloves (worn)
   (You found it on level 12 of the Dungeon)
 Q - a scarf of spirit shield (worn)
   (You found it on level 12 of the Dungeon)
 Y - a +1 pair of boots (worn)
   (You found it on level 12 of the Dungeon)
Jewellery
 q - a +4 ring of slaying (right hand)
   (You found it on level 2 of the Dungeon)
 t - an uncursed ring of protection from cold
   (You found it on level 1 of the Dungeon)
 O - a +6 amulet of reflection (around neck)
   (You found it on level 10 of the Dungeon)
 P - the ring of Wishful Thinking (left hand) {+Fly rN+ Dex+4 SInv Stlth+}
   (You bought it in a shop on level 2 of the Orcish Mines)

   [ring of see invisible]

   It affects your dexterity (+4).
   It protects you from negative energy.
   It lets you see invisible.
   It lets you fly.
   It makes you more stealthy.
 W - an uncursed amulet of guardian spirit
   (You found it on level 3 of the Spider Nest)
Wands
 c - a wand of flame (21)
 d - a wand of enslavement (24)
 v - a wand of polymorph (14)
   (You found it on level 1 of the Vaults)
 C - a wand of iceblast (24)
   (You found it on level 5 of the Dungeon)
 F - a wand of digging (44)
   (You found it on level 5 of the Dungeon)
 T - a wand of paralysis (37)
   (You found it on level 2 of the Lair of Beasts)
 V - a wand of disintegration (29)
   (You found it on level 3 of the Lair of Beasts)
 X - a wand of acid (7)
   (You found it on level 2 of the Swamp)
Scrolls
 b - 8 scrolls of remove curse
 e - 12 scrolls of teleportation
 j - a scroll of holy word
 l - a scroll of amnesia
 n - 3 scrolls of silence
 o - a scroll of fear
 u - 2 scrolls of magic mapping
 D - 4 scrolls of immolation
 I - 4 scrolls of fog
Potions
 g - 3 potions of cancellation
 i - 5 potions of mutation
 k - 13 potions of curing
 m - 7 potions of brilliance
 p - a potion of magic
 r - 5 potions of might
 s - 3 potions of agility
 J - 5 potions of lignification
 L - 3 potions of flight
Books
 K - a book of Transfigurations
   (You found it on level 1 of the Lair of Beasts)
Miscellaneous
 w - a lamp of fire
   (You found it on level 2 of the Lair of Beasts)
 B - a phantom mirror
 U - a phial of floods
   (You found it on level 15 of the Dungeon)
Comestibles
 f - 44 rations


   Skills:
 - Level 21.2 Fighting
   Level 1.1 Short Blades
 - Level 13.2 Axes
   Level 6.3 Crossbows
 - Level 11.7 Armour
 - Level 2.6 Dodging
 - Level 0.8 Stealth
 * Level 22.7 Shields
 - Level 2.5 Unarmed Combat
 - Level 4.5 Spellcasting
 - Level 6.6 Transmutations
 - Level 8.0 Invocations
 - Level 3.2 Evocations


You had 26 spell levels left.
You knew the following spells:

 Your Spells              Type           Power        Failure   Level  Hunger
a - Sticks to Snakes      Tmut           #####...     12%         2    None


Dungeon Overview and Level Annotations

Branches:
Dungeon (15/15)            Temple (1/1) D:7            Lair (6/6) D:8
  Swamp (4/4) Lair:2       Spider (4/4) Lair:3        Slime (0/5) Lair:6
    Orc (2/2) D:11            Elf (0/3) Orc:2        Vaults (2/5) D:14
 Depths (0/5) D:15
  Crypt: Vaults:2-3

Altars:
Ashenzari
Cheibriados
Dithmenos
Elyvilon
Fedhas
Gozag
Hepliaklqana
Kikubaaqudgha
Makhleb
Nemelex Xobeh
Okawaru
Qazlal
Ru
Sif Muna
Trog
Uskayaw
Vehumet
Wu Jian
Xom
Yredelemnul
Zin
The Shining One
Beogh
Jiyva

Shops:
D:7 %   D:13 [   D:14 =   D:15 !   Orc:2 *[(}[=}

Annotations:
Vaults:2 Mara


Innate Abilities, Weirdness & Mutations

Shadows flee at your approach. (+LOS)
You can swim through water.
You cover ground slowly.
You can hop long distances.


Message History

You slash Mara! You freeze Mara.
You block the two-headed ogre's attack. x2
Mara blinks!
Mara gestures at you. The bolt of fire hits you! You resist.
You slash the two-headed ogre! You freeze the two-headed ogre.
The two-headed ogre is moderately wounded.
You barely miss Mara.
Mara says, "Entranced by some poetic flight, are you?"
You block Mara's attack.
The two-headed ogre hits you but does no damage.
You block the two-headed ogre's attack.
You slice the two-headed ogre!! You freeze the two-headed ogre.
The two-headed ogre is severely wounded.
You closely miss Mara. You slash the ogre mage! You freeze the ogre mage.
You hit Mara but do no damage.
The ogre mage gestures at the two-headed ogre while chanting.
The two-headed ogre seems to speed up.
You block Mara's attack.
You are confused.
You feel invigorated.
The two-headed ogre hits you with a giant club.
The two-headed ogre hits you but does no damage.
Mara gestures at you.
You are unaffected.
Melicamp's illusion hits you! Melicamp's illusion freezes you.
Mara blinks!
You barely miss the two-headed ogre.
The two-headed ogre is severely wounded.
You hit Melicamp's illusion but do no damage.
You hit Mara but do no damage. x2
The two-headed ogre hits you but does no damage. x2
Mara hits you but does no damage. Melicamp's illusion hits you!
Melicamp's illusion freezes you.
You barely miss the two-headed ogre.
The two-headed ogre is severely wounded.
Your gold dragon scales prevents you from hitting the ogre.
You slice Mara!! You freeze Mara. You slash Mara! You freeze Mara.
You hit Melicamp's illusion. You freeze Melicamp's illusion.
The two-headed ogre hits you with a giant club!
* * * LOW HITPOINT WARNING * * *
The two-headed ogre hits you with a giant club.
* * * LOW HITPOINT WARNING * * *
Mara closely misses you.
Mara hits you with a demon whip of electrocution.
* * * LOW HITPOINT WARNING * * *
Melicamp's illusion hits you!!
* * * LOW HITPOINT WARNING * * *
Melicamp's illusion freezes you.
* * * LOW HITPOINT WARNING * * *
The ogre hits you but does no damage.
You slash the two-headed ogre! You freeze the two-headed ogre.
The two-headed ogre is almost dead.
You closely miss Melicamp's illusion. You miss Mara.
You hit the ogre mage but do no damage. You slash Mara! You freeze Mara.
You slice the ogre!! You freeze the ogre.
The two-headed ogre hits you with a giant club!
* * * LOW HITPOINT WARNING * * *
The two-headed ogre hits you but does no damage.
Mara hits you but does no damage.
Mara blinks!
Melicamp's illusion hits you!
* * * LOW HITPOINT WARNING * * *
You closely miss the two-headed ogre.
The two-headed ogre is almost dead.
You hit Melicamp's illusion but do no damage.
You slash Mara! You freeze Mara. You hit the ogre mage.
You freeze the ogre mage. You slash the ogre! You freeze the ogre.
You kill the ogre!
Cheibriados appreciates the change of pace.
The two-headed ogre hits you with a giant club!
* * * LOW HITPOINT WARNING * * *
The two-headed ogre closely misses you.
The ogre mage hits you but does no damage.
Mara gestures at you. You resist with significant effort.
Mara hits you but does no damage.
You are electrocuted!
* * * LOW HITPOINT WARNING * * *
Melicamp's illusion hits you.
* * * LOW HITPOINT WARNING * * *
The two-headed ogre hits you but does no damage.
The two-headed ogre barely misses you.
The skeletal warrior hits you but does no damage.
You slice Mara!! You freeze Mara!
Mara is almost dead.
You closely miss Melicamp's illusion. You slash the two-headed ogre!
You freeze the two-headed ogre.
You kill the two-headed ogre!
Cheibriados thoroughly appreciates the change of pace.
You hit the skeletal warrior but do no damage.
You slash the ogre mage! You freeze the ogre mage.
The ogre mage hits you but does no damage.
Mara hits you with a demon whip of electrocution!
* * * LOW HITPOINT WARNING * * *
Melicamp's illusion hits you!
* * * LOW HITPOINT WARNING * * *
You feel less invigorated.
You feel less confused.
The skeletal warrior hits you with a morningstar!
* * * LOW HITPOINT WARNING * * *
Mara gestures at you. Pain shoots through your body!
* * * LOW HITPOINT WARNING * * *
Melicamp's illusion hits you!
You die...

#......[............
#...........#######
#...........#
#...........#
#...........#
#...........#
#.....O.....#
#..$.§RR....+
#....z@@....#
#.....R.....#
.........(....#
...............#
.............(..#
................#
................#
.......(.........
.......#########


You could see 3 Maras, a skeletal warrior, an ogre mage and Melicamp's illusion.

Vanquished Creatures
  Nikola (Swamp:2)
  Jorgrun (Spider:4)
  Rupert (D:13)
  Frances (D:12)
  3 thorn hunters
  Kirke (Spider:4)
  3 fire giants
  2 orc warlords
  2 vault wardens
  Aizul (Spider:2)
  2 deep elf sorcerers (Vaults:1)
  8 emperor scorpions
  6 ghost moths (Spider:4)
  A very ugly thing (Swamp:4)
  4 ironheart preservers (Vaults:1)
  3 entropy weavers
  The ghost of microfolk the Lord of Darkness, a journeyman DEFE of Kikubaaqudgha (Swamp:2)
  A deep elf annihilator (Vaults:1)
  Azrael (D:14)
  3 spark wasps (Spider:4)
  A minotaur (Lab)
  A blizzard demon (IceCv)
  Snorg (D:14)
  The ghost of cultivahabas the Grappler, a journeyman TrMo of the Shining One (Lair:1)
  2 death oozes (Swamp:4)
  An ettin (Vaults:1)
  Erolcha (D:12)
  2 green deaths (Swamp:4)
  4 yaktaur captains
  A fire dragon (Vaults:1)
  Fannar (Lair:1)
  A great orb of eyes (Vaults:2)
  11 hydras
  Harold (Lair:1)
  An ice dragon (Swamp:3)
  2 rakshasas
  A hell beast (Swamp:4)
  A vault guard (Vaults:1)
  3 ghost crabs
  3 centaur warriors
  13 two-headed ogres
  2 death knights
  5 ogre magi
  7 alligators
  A death yak (Lair:4)
  A tengu warrior (D:13)
  A queen ant (Spider:4)
  An orc high priest (Orc:2)
  2 thrashing horrors (Swamp:4)
  Nergalle (D:12)
  2 deep elf knights (Vaults:1)
  4 deep trolls (Vaults:1)
  2 spriggan druids
  10 swamp dragons
  A skeletal warrior (D:14)
  A flayed ghost (Vaults:1)
  2 unseen horrors
  2 wizards (Vaults:1)
  A glowing orange brain (Vaults:1)
  5 ironbrand convokers (Vaults:1)
  A large abomination (Swamp:4)
  A deep elf archer (Vaults:1)
  2 necromancers
  2 phantasmal warriors (Vaults:1)
  7 orc knights
  26 orb spiders
  7 deep elf magi
  15 ugly things
  4 orc sorcerers
  3 manticores (D:15)
  Maurice (D:8)
  8 cyclopes
  22 wolf spiders
  18 elephants
  2 moths of wrath
  2 ice statues (IceCv)
  4 vault sentinels (Vaults:1)
  5 black mambas
  2 orange demons (Swamp:4)
  A gargoyle (D:15)
  2 torpor snails (Lair:4)
  35 spiny frogs
  6 freezing wraiths
  8 komodo dragons
  9 yaktaurs (Vaults:1)
  2 rime drakes
  7 demonic crawlers
  12 trolls
  4 tengu conjurers
  14 ice devils (IceCv)
  14 tyrant leeches
  6 meliai
  2 polar bears
  A queen bee (Lair:4)
  26 jumping spiders
  18 hornets
  14 bog bodies
  4 dream sheep (Lair:5)
  41 slime creatures
  22 blink frogs
  18 hippogriffs
  A meliai zombie (D:14)
  6 shadows
  46 yaks
  29 tarantellas
  52 redbacks
  5 spriggans
  4 wyverns
  4 fire elementals (D:14)
  2 hungry ghosts
  3 hogs (Spider:4)
  A wraith (Vaults:1)
  A hog (shapeshifter) (D:12)
  19 vampire mosquitoes
  A steam dragon (Lair:4)
  10 basilisks
  Menkaure (D:6)
  6 insubstantial wisps (Swamp:2)
  A small abomination (Swamp:4)
  7 wargs
  2 acid dragons
  15 swamp worms
  20 soldier ants
  A soldier ant (shapeshifter) (Vaults:2)
  3 hell hounds (D:14)
  17 water moccasins
  7 porcupines
  6 sky beasts
  2 ice beasts
  48 orc warriors
  4 phantoms
  9 swamp drakes
  3 black bears
  A necrophage (D:12)
  38 wolves
  20 ogres
  3 centaurs
  9 crocodiles
  A big kobold (shapeshifter) (Vaults:1)
  3 big kobolds
  38 bullfrogs
  A gnoll sergeant (D:10)
  2 scorpions
  28 killer bees
  8 wights
  3 howler monkeys
  4 electric eels
  A centaur zombie (D:12)
  A bullfrog zombie (D:11)
  7 crimson imps
  3 hounds
  A jelly (D:5)
  A quasit (D:7)
  A wyvern simulacrum (D:14)
  6 centaur skeletons
  4 bullfrog skeletons
  23 orc priests
  2 iguanas
  29 orc wizards
  A hell rat (Lair:4)
  29 worker ants
  A polar bear simulacrum (Lair:3)
  A wolf simulacrum (Lair:3)
  A killer bee zombie (D:10)
  A hound zombie (D:6)
  2 hound skeletons
  3 worker ant zombies
  10 adders
  4 gnolls (D:10)
  A howler monkey skeleton (D:4)
  5 shadow imps
  5 white imps (IceCv)
  2 oozes
  7 ufetubi (IceCv)
  An adder zombie (D:9)
  5 dart slugs
  2 worms (D:3)
  5 leopard geckos
  118 orcs
  2 ball pythons
  4 giant cockroaches
  8 goblins
  9 hobgoblins
  5 jackals
  24 kobolds
  6 quokkas
  6 bats
  6 frilled lizards
  A jackal zombie (D:7)
  A quokka skeleton (D:9)
  6 rats
  A fungus (Lair:6)
  3 plants
1408 creatures vanquished.

Vanquished Creatures (others)
  2 hydras
  A centaur warrior (Vaults:1)
  2 deep elf archers (Vaults:1)
  A phantasmal warrior (Vaults:1)
  A cyclops (D:14)
  4 yaktaurs (Vaults:1)
  A tyrant leech (Swamp:2)
  A hornet (Swamp:2)
  A spriggan (Swamp:2)
  A human (Spider:4)
  An orc warrior (D:12)
  A wolf (Lair:4)
  2 centaurs
  A glowing shapeshifter simulacrum (Vaults:1)
  3 killer bees (Lair:4)
  An iguana (D:12)
  An orc wizard (D:6)
  A white imp (IceCv)
  4 ufetubi (IceCv)
  An orc (Orc:2)
  14 bushes
  22 fungi
  65 plants
132 creatures vanquished.

Grand Total: 1540 creatures vanquished

Notes
Turn   | Place    | Note
-------+----------+-------------------------------------------
     0 | D:1      | Melicamp the Barachi Artificer began the quest for the Orb.
     0 | D:1      | Reached XP level 1. HP: 15/15 MP: 3/3
   238 | D:1      | Found a sacrificial altar of Ru.
   284 | D:1      | Reached skill level 2 in Fighting
   284 | D:1      | Reached XP level 2. HP: 22/22 MP: 4/4
   514 | D:1      | Became a worshipper of Ru the Awakened
   600 | D:2      | Found a deep blue altar of Sif Muna.
   878 | D:2      | Reached XP level 3. HP: 28/28 MP: 5/5
  1010 | D:2      | Reached skill level 3 in Fighting
  1016 | D:2      | Found a faded altar of an unknown god.
  1335 | D:1      | Reached skill level 1 in Armour
  2116 | D:3      | Reached XP level 4. HP: 27/37 MP: 6/6
  2287 | D:3      | Fell from the grace of Ru
  2438 | D:3      | Reached skill level 4 in Fighting
  2462 | D:3      | Reached skill level 2 in Armour
  2790 | D:3      | Reached XP level 5. HP: 43/43 MP: 7/7
  3299 | D:4      | Noticed an ogre
  3309 | D:4      | Killed an ogre
  3309 | D:4      | Reached skill level 5 in Fighting
  3309 | D:4      | Reached skill level 3 in Armour
  3309 | D:4      | Reached XP level 6. HP: 32/52 MP: 8/8
  3433 | D:4      | Got an encrusted dagger
  3473 | D:4      | Identified the +1 dagger "Rycseit" {protect, rC+} (You found it on level 4 of the Dungeon)
  3727 | D:4      | Reached skill level 6 in Fighting
  4642 | D:5      | Entered Level 5 of the Dungeon
  4664 | D:5      | Noticed an ice beast
  4667 | D:5      | Killed an ice beast
  4667 | D:5      | Reached skill level 1 in Crossbows
  4667 | D:5      | Reached skill level 4 in Armour
  4887 | D:5      | Noticed a phantom
  4890 | D:5      | Reached skill level 2 in Crossbows
  4890 | D:5      | Reached XP level 7. HP: 58/58 MP: 9/9
  4981 | D:5      | Reached skill level 3 in Crossbows
  5061 | D:5      | Reached skill level 5 in Armour
  5195 | D:5      | Reached skill level 4 in Crossbows
  5471 | D:6      | Reached XP level 8. HP: 41/64 MP: 10/10
  5594 | D:6      | Noticed Menkaure
  5605 | D:6      | Killed Menkaure
  5605 | D:6      | Reached skill level 5 in Crossbows
  5792 | D:6      | Reached skill level 6 in Armour
  5985 | D:6      | Reached skill level 6 in Crossbows
  6099 | D:6      | Found a hazy altar of Hepliaklqana.
  6206 | D:6      | Reached skill level 7 in Fighting
  6206 | D:6      | Reached skill level 7 in Armour
  6322 | D:6      | Reached XP level 9. HP: 65/73 MP: 11/11
  6652 | D:6      | Reached skill level 8 in Fighting
  6951 | D:7      | Found a staircase to the Ecumenical Temple.
  7002 | Temple   | Entered the Ecumenical Temple
  7510 | Temple   | Became a worshipper of Cheibriados the Contemplative
  7567 | D:7      | Reached skill level 9 in Fighting
  7567 | D:7      | Reached skill level 8 in Armour
  7600 | D:7      | Found Nur Xoep's Food Shop.
  8622 | D:7      | Reached skill level 10 in Fighting
  8627 | D:7      | HP: 19/78 [poisoned by a killer bee]
  8633 | D:7      | HP: 15/78 [poisoned by a killer bee]
  8638 | D:7      | HP: 14/78 [poisoned by a killer bee]
  8643 | D:7      | HP: 13/78 [poisoned by a killer bee]
  8650 | D:7      | HP: 12/78 [poisoned by a killer bee]
  8658 | D:7      | HP: 12/78 [poisoned by a killer bee]
  8964 | D:8      | Reached * piety under Cheibriados
  9031 | D:8      | Noticed Maurice
  9036 | D:8      | Killed Maurice
  9036 | D:8      | Reached skill level 9 in Armour
  9072 | D:8      | Reached XP level 10. HP: 86/86 MP: 12/12
  9089 | D:8      | Reached skill level 11 in Fighting
  9152 | D:8      | Reached ** piety under Cheibriados
  9339 | D:8      | Noticed an elephant
  9365 | D:8      | HP: 22/88 [elephant (4)]
  9366 | D:8      | Killed an elephant
  9489 | D:8      | Reached skill level 12 in Fighting
  9693 | D:8      | Found a staircase to the Lair.
 10142 | D:9      | Reached skill level 10 in Armour
 10147 | D:9      | Reached skill level 1 in Invocations
 10211 | D:9      | Found a sacrificial altar of Ru.
 10268 | D:9      | Reached skill level 2 in Invocations
 10657 | D:9      | Noticed a two-headed ogre
 10667 | D:9      | HP: 19/89 [two-headed ogre/giant club (12)]
 10669 | D:9      | HP: 6/89 [two-headed ogre/giant club (9)]
 10670 | D:9      | Killed a two-headed ogre
 10670 | D:9      | Reached skill level 1 in Unarmed Combat
 10670 | D:9      | Reached skill level 3 in Invocations
 11067 | D:9      | Reached skill level 2 in Unarmed Combat
 11067 | D:9      | Reached skill level 4 in Invocations
 11070 | D:9      | Reached *** piety under Cheibriados
 11491 | D:9      | Reached XP level 11. HP: 73/95 MP: 14/14
 11880 | D:10     | Entered Level 10 of the Dungeon
 11927 | D:10     | Reached **** piety under Cheibriados
 11943 | D:10     | Noticed a two-headed ogre
 11951 | D:10     | Killed a two-headed ogre
 11951 | D:10     | Reached skill level 5 in Invocations
 12385 | D:10     | Reached skill level 13 in Fighting
 12564 | D:10     | Reached skill level 1 in Axes
 12571 | D:10     | Reached skill level 2 in Axes
 12756 | D:10     | Reached skill level 3 in Axes
 12758 | D:10     | Reached ***** piety under Cheibriados
 12801 | D:10     | Paralysed by a hornet for 1 turns
 12806 | D:10     | Paralysed by a hornet for 1 turns
 12810 | D:10     | Reached skill level 6 in Invocations
 12817 | D:10     | HP: 24/98 [poisoned by a soldier ant]
 12819 | D:10     | HP: 10/98 [hornet (8)]
 12819 | D:10     | HP: 3/98 [hornet (7)]
 12820 | D:10     | Reached skill level 4 in Axes
 12820 | D:10     | HP: 1/98 [poisoned by a hornet]
 13288 | D:10     | Reached skill level 5 in Axes
 13588 | D:11     | Noticed a seven-headed hydra
 13594 | D:11     | Killed a seven-headed hydra
 13802 | D:11     | Reached skill level 7 in Invocations
 13836 | D:11     | Got an iridescent hunting sling
 13857 | D:11     | Identified the +8 hunting sling "Zazampil" {speed, Dex+5} (You found it on level 11 of the Dungeon)
 13934 | D:11     | Paralysed by a hornet for 3 turns
 13939 | D:11     | Reached skill level 6 in Axes
 14053 | D:11     | Found a staircase to the Orcish Mines.
 14226 | D:11     | Reached XP level 12. HP: 105/105 MP: 17/17
 14554 | D:11     | Reached skill level 8 in Invocations
 14555 | D:11     | Reached ****** piety under Cheibriados
 14797 | D:12     | Reached skill level 1 in Shields
 14950 | D:11     | Reached skill level 2 in Shields
 15315 | Lair:1   | Entered Level 1 of the Lair of Beasts
 15354 | Lair:1   | Noticed Harold
 15367 | Lair:1   | Killed Harold
 15367 | Lair:1   | Reached skill level 7 in Axes
 15367 | Lair:1   | Reached skill level 3 in Shields
 15555 | Lair:1   | Noticed Fannar
 15570 | Lair:1   | Killed Fannar
 15570 | Lair:1   | Reached skill level 4 in Shields
 15623 | Lair:1   | Noticed cultivahabas's ghost (journeyman TrMo)
 15629 | Lair:1   | Killed cultivahabas's ghost
 15632 | Lair:1   | Reached skill level 5 in Shields
 16214 | Lair:1   | Learned a level 2 spell: Sticks to Snakes
 16254 | Lair:2   | Reached skill level 6 in Shields
 16262 | Lair:2   | Reached skill level 8 in Axes
 16491 | Lair:1   | Reached skill level 7 in Shields
 16764 | Lair:2   | Reached skill level 8 in Shields
 17182 | Lair:2   | Found a staircase to the Swamp.
 17216 | Lair:2   | Reached skill level 9 in Axes
 17244 | Lair:2   | Noticed a five-headed hydra
 17257 | Lair:2   | Killed a five-headed hydra
 17257 | Lair:2   | Gained mutation: You can hop long distances. [Barachi growth]
 17257 | Lair:2   | Reached XP level 13. HP: 107/111 MP: 19/19
 17338 | Lair:2   | Reached skill level 9 in Shields
 17956 | Lair:3   | Found a hole to the Spider Nest.
 17994 | Lair:3   | Reached skill level 10 in Shields
 18709 | Lair:4   | Identified a scroll of acquirement
 18710 | Lair:4   | Found the +15 Maxwell's patent armour {-Cast -Tele rElec MR+ rCorr}
 18778 | Lair:4   | Found a labyrinth entrance.
 18784 | Lab      | Entered a labyrinth
 19068 | Lab      | Noticed a minotaur
 19077 | Lab      | Killed a minotaur
 19077 | Lab      | Reached skill level 10 in Axes
 19080 | Lab      | Got an ancient long sword {slice}
 19133 | Lab      | Got a vibrating graven amulet
 19137 | Lair:4   | Identified the cursed +3 long sword of Pain and Death {slice, rPois rC+ Str+3} (You took it off a minotaur in a labyrinth)
 19399 | Lair:4   | Reached skill level 11 in Shields
 19399 | Lair:4   | HP: 26/111 [killer bee (7)]
 19401 | Lair:4   | HP: 12/111 [meliai/divine providence (15)]
 19406 | Lair:4   | HP: 5/111 [spiny frog (3)]
 19411 | Lair:4   | HP: 27/166 [poisoned by a spiny frog]
 19417 | Lair:4   | HP: 41/166 [killer bee (4)]
 19422 | Lair:4   | HP: 34/166 [poisoned by a spiny frog]
 19427 | Lair:4   | HP: 25/166 [killer bee (1)]
 20075 | Lair:4   | Reached skill level 12 in Shields
 20212 | Lair:4   | Reached skill level 11 in Axes
 20237 | Lair:4   | HP: 27/111 [wolf (5)]
 20245 | Lair:4   | HP: 23/111 [elephant (5)]
 20246 | Lair:4   | Reached XP level 14. HP: 25/118 MP: 20/20
 20252 | Lair:4   | HP: 20/118 [wolf (7)]
 20260 | Lair:4   | HP: 21/118 [wolf (2)]
 20799 | Lair:4   | Reached skill level 11 in Armour
 20799 | Lair:4   | Reached skill level 13 in Shields
 20799 | Lair:4   | Reached XP level 15. HP: 123/123 MP: 21/21
 20809 | Lair:4   | Identified the amulet "Uschu" {Reflect MP+9 SH+3} (You found it in a labyrinth)
 21439 | Lair:5   | Reached skill level 14 in Shields
 21884 | Lair:6   | Entered Level 6 of the Lair of Beasts
 21911 | Lair:5   | Reached skill level 12 in Axes
 22115 | Lair:6   | Reached skill level 15 in Shields
 22473 | Lair:6   | Found a dark tunnel.
 22947 | Lair:6   | Found a staircase to the Slime Pits.
 22947 | Lair:6   | Found a viscous altar of Jiyva.
 23317 | Orc:1    | Entered Level 1 of the Orcish Mines
 23550 | Orc:2    | Entered Level 2 of the Orcish Mines
 23634 | Orc:2    | Found Oxan's Assorted Antiques.
 23715 | Orc:2    | Found a staircase to the Elven Halls.
 23715 | Orc:2    | Found Hudiw's Jewellery Shop.
 23727 | Orc:2    | Bought the ring of Wishful Thinking {+Fly rN+ Dex+4 SInv Stlth+} for 592 gold pieces
 23922 | Orc:2    | Found Votegg's Gadget Boutique.
 23935 | Orc:2    | Reached skill level 16 in Shields
 24051 | Orc:2    | Reached skill level 13 in Axes
 24061 | Orc:2    | Found Ixigoto's Antique Weapon Emporium.
 24061 | Orc:2    | Noticed an orc warlord
 24084 | Orc:2    | Killed an orc warlord
 24084 | Orc:2    | Reached XP level 16. HP: 52/130 MP: 18/22
 24330 | Orc:2    | Found a roughly hewn altar of Beogh.
 24349 | Orc:2    | Found Muymiapre's Antique Armour Shoppe.
 24434 | Orc:2    | Found a roughly hewn altar of Beogh.
 24434 | Orc:2    | Found Kanaf's Gadget Shoppe.
 24790 | Orc:2    | Found a roughly hewn altar of Beogh.
 24803 | Orc:2    | Found Kemme's Antique Armour Shoppe.
 24858 | Orc:2    | Bought gold dragon scales for 2080 gold pieces
 25259 | D:12     | Noticed Frances
 25275 | D:12     | Killed Frances
 25312 | D:12     | Noticed Nergalle
 25327 | D:12     | Killed Nergalle
 25327 | D:12     | Reached skill level 17 in Shields
 25478 | D:12     | Found an iron altar of Okawaru.
 25544 | D:12     | Reached skill level 1 in Transmutations
 25830 | D:12     | Got a crude hand axe
 25846 | D:12     | Reached skill level 2 in Transmutations
 26128 | D:12     | Noticed Erolcha
 26128 | D:12     | Paralysed by Erolcha for 5 turns
 26139 | D:12     | Killed Erolcha
 26276 | D:12     | Identified the +7 hand axe "Frog's Foe" {chop, *Noise Str+5} (You found it on level 12 of the Dungeon)
 26615 | D:12     | Got a slimy executioner's axe
 26667 | D:13     | Noticed Rupert
 26688 | D:13     | Paralysed by Rupert for 3 turns
 26693 | D:13     | Killed Rupert
 26693 | D:13     | Reached skill level 3 in Transmutations
 26850 | D:13     | Identified the +9 executioner's axe "Qyrocw" {chop, Int+4} (You found it on level 12 of the Dungeon)
 26892 | D:13     | Found Veckepi's Antique Armour Shop.
 27551 | D:14     | Noticed Azrael
 27557 | D:14     | Reached skill level 4 in Transmutations
 27568 | D:14     | Killed Azrael
 27775 | D:14     | Noticed Snorg
 27785 | D:14     | Killed Snorg
 27804 | D:14     | Reached skill level 18 in Shields
 27927 | D:14     | Found Testriuma's Jewellery Emporium.
 28086 | D:14     | Reached skill level 5 in Transmutations
 28458 | D:14     | Found a gate to the Vaults.
 28826 | D:15     | Entered Level 15 of the Dungeon
 28905 | D:15     | Found Zathe's Distillery.
 28911 | D:15     | Bought a potion of heal wounds for 70 gold pieces
 28988 | D:15     | Found a staircase to the Depths.
 29155 | D:15     | Found a deep blue altar of Sif Muna.
 29446 | D:15     | HP: 26/131 [fire giant/fireball (21)]
 29447 | D:15     | Reached skill level 6 in Transmutations
 29903 | D:15     | Reached XP level 17. HP: 130/137 MP: 21/23
 29934 | D:15     | Identified Sif Muna's Papyrus of Curses
 29975 | D:15     | Identified the Collected Works on Feathers and Conjuration
 30055 | D:15     | Reached skill level 1 in Spellcasting
 30594 | Swamp:1  | Entered Level 1 of the Swamp
 30609 | Swamp:1  | Reached skill level 19 in Shields
 30609 | Swamp:1  | Reached skill level 2 in Spellcasting
 31040 | Swamp:1  | Reached skill level 3 in Spellcasting
 31352 | Swamp:1  | Found a burning altar of Makhleb.
 32138 | Swamp:2  | Noticed Nikola
 32152 | Swamp:2  | Killed Nikola
 32152 | Swamp:2  | Reached skill level 4 in Spellcasting
 32470 | Swamp:2  | Noticed microfolk's ghost (journeyman DEFE)
 32481 | Swamp:2  | Killed microfolk's ghost
 33030 | Swamp:3  | Found a frozen archway.
 33044 | IceCv    | Entered an ice cave
 33201 | IceCv    | Reached skill level 14 in Fighting
 34288 | Swamp:3  | Reached skill level 20 in Shields
 34851 | Swamp:4  | Entered Level 4 of the Swamp
 35200 | Swamp:4  | Reached skill level 15 in Fighting
 35233 | Swamp:4  | Reached XP level 18. HP: 84/149 MP: 17/24
 36042 | Swamp:4  | Got a decaying rune of Zot
 36095 | Swamp:4  | Reached skill level 16 in Fighting
 36831 | Spider:1 | Entered Level 1 of the Spider Nest
 37426 | Orc:2    | Bought a glowing fustibalus for 612 gold pieces
 38579 | Spider:1 | Reached skill level 17 in Fighting
 39528 | Spider:2 | Noticed Aizul
 39537 | Spider:2 | Killed Aizul
 40022 | Spider:3 | HP: 35/156 [entropy weaver (7)]
 40024 | Spider:3 | HP: 11/156 [disintegration (9)]
 40029 | Spider:2 | HP: 28/156 [poisoned by a redback]
 40034 | Spider:2 | HP: 32/156 [poisoned by a redback]
 40039 | Spider:2 | HP: 27/156 [poisoned by a redback]
 40045 | Spider:2 | HP: 28/156 [poisoned by a redback]
 40050 | Spider:2 | HP: 29/156 [poisoned by a redback]
 40056 | Spider:2 | HP: 30/156 [poisoned by a redback]
 40062 | Spider:2 | HP: 31/156 [poisoned by a redback]
 40068 | Spider:2 | HP: 32/156 [poisoned by a redback]
 40489 | Spider:3 | Reached skill level 21 in Shields
 40537 | Spider:3 | Reached skill level 18 in Fighting
 40896 | Spider:4 | Entered Level 4 of the Spider Nest
 40912 | Spider:4 | Reached XP level 19. HP: 162/163 MP: 4/25
 40922 | Spider:4 | Noticed Jorgrun
 40938 | Spider:4 | Killed Jorgrun
 41101 | Spider:4 | HP: 40/164 [wolf spider (5)]
 41237 | Spider:4 | Noticed Kirke
 41249 | Spider:4 | Killed Kirke
 41626 | Spider:4 | Reached skill level 19 in Fighting
 42500 | Spider:4 | HP: 41/168 [emperor scorpion (4)]
 42505 | Spider:4 | HP: 35/168 [poisoned by an emperor scorpion]
 42510 | Spider:4 | HP: 31/168 [poisoned by an emperor scorpion]
 42516 | Spider:4 | HP: 30/168 [poisoned by an emperor scorpion]
 42521 | Spider:4 | HP: 30/168 [poisoned by an emperor scorpion]
 42529 | Spider:4 | HP: 31/168 [poisoned by an emperor scorpion]
 42539 | Spider:4 | HP: 33/168 [poisoned by an emperor scorpion]
 42545 | Spider:4 | HP: 34/168 [poisoned by an emperor scorpion]
 42551 | Spider:4 | HP: 36/168 [poisoned by an emperor scorpion]
 43013 | Spider:4 | Got a gossamer rune of Zot
 43351 | Vaults:1 | Entered Level 1 of the Vaults
 43499 | Vaults:1 | Reached skill level 20 in Fighting
 43722 | Vaults:1 | Reached XP level 20. HP: 141/178 MP: 17/26
 43745 | Vaults:1 | HP: 31/178 [flayed ghost/flay_damage[a death knight] (15)]
 43745 | Vaults:1 | HP: 9/178 [vault warden/enchanted bardiche (22)]
 43781 | D:14     | Reached skill level 22 in Shields
 44174 | Vaults:1 | Reached skill level 21 in Fighting
 44799 | Vaults:1 | Paralysed by a wizard for 5 turns
 45958 | Vaults:2 | Noticed Mara
 45977 | Vaults:2 | Noticed Melicamp's illusion
 45989 | Vaults:2 | HP: 45/180 [Mara (illusionary)/demon whip of electrocution (4)]
 45990 | Vaults:2 | HP: 18/180 [Melicamp's illusion[Mara] (7)]
 45991 | Vaults:2 | HP: 8/180 [Mara/demon whip of electrocution (10)]
 45992 | Vaults:2 | HP: 2/180 [Melicamp's illusion[Mara] (4)]
 45993 | Vaults:2 | Slain by Melicamp's illusion

Skill      XL: |  1  2  3  4  5  6  7  8  9 10 11 12 13 14 15 16 17 18 19 20 |
---------------+-------------------------------------------------------------+-----
Fighting       | 2 3 4 5 6 7 10 12 13 15 18 20 21 | 21.2
Armour         | 1 2 3 4 5 7 9 10 11 | 11.7
Crossbows      | 2 4 6 |  6.3
Invocations    | 4 7 8 |  8.0
Unarmed Combat | 2 |  2.5
Axes           | 6 9 11 13 | 13.2
Shields        | 8 12 13 16 18 20 21 22 | 22.7
Transmutations | 6 |  6.6
Spellcasting   | 4 |  4.5
Short Blades   | |  1.1
Dodging        | |  2.6
Stealth        | |  0.8
Evocations     | |  3.2

Action                   |  1- 3 |  4- 6 |  7- 9 | 10-12 | 13-15 | 16-18 | 19-21 || total
-------------------------+-------+-------+-------+-------+-------+-------+-------++-------
Melee: Short sword       |    80 |       |       |       |       |       |       ||    80
       Flail             |    71 |       |       |       |       |       |       ||    71
       Dagger            |     7 |    89 |   149 |   339 |       |       |       ||   584
       War axe           |       |       |       |   273 |   448 |  1464 |   538 ||  2723
       Punch             |       |       |       |     4 |       |       |       ||     4
       Long sword        |       |       |       |       |   300 |       |       ||   300
 Fire: Arbalest          |       |     7 |    91 |    57 |       |       |       ||   155
       Fustibalus        |       |       |       |       |       |    44 |   100 ||   144
Throw: Tomahawk          |     9 |    30 |     4 |    57 |    30 |    62 |       ||   192
       Stone             |     2 |     4 |       |     5 |     4 |       |       ||    15
 Cast: Sticks to Snakes  |       |       |       |       |       |     1 |       ||     1
Invok: Renounce Religion |       |     1 |       |       |       |       |       ||     1
       Slouch            |       |       |       |       |     2 |       |     1 ||     3
       Temporal Distorti |       |       |       |       |       |     1 |       ||     1
 Abil: Hop               |     1 |     1 |     3 |     8 |     8 |     7 |     3 ||    31
Evoke: Wand              |       |     3 |     4 |       |     9 |    20 |       ||    36
       Lamp of fire      |       |       |       |       |       |       |     1 ||     1
  Use: Scroll            |     5 |     2 |     1 |    12 |     8 |    20 |     6 ||    54
       Potion            |       |       |       |     2 |    10 |     6 |     6 ||    24
 Stab: Paralysed         |       |       |       |     1 |       |       |       ||     1
       Distracted        |       |       |       |       |       |     2 |       ||     2
       Held in net/web   |       |       |       |       |       |       |     2 ||     2
  Eat: Chunk             |     3 |     5 |     9 |    11 |    12 |    21 |     5 ||    66
       Ration            |     1 |     1 |     2 |     1 |     1 |     4 |     2 ||    12
Armor: Leather armour    |    11 |       |       |       |       |       |       ||    11
       Plate armour      |    98 |       |   128 |   452 |   416 |     3 |       ||  1097
       Ring mail         |       |    31 |    12 |       |       |       |       ||    43
       Skin              |       |       |       |       |    53 |       |       ||    53
       Gold dragon scale |       |       |       |       |       |   525 |   237 ||   762
Dodge: Dodged            |    68 |    38 |    67 |   276 |   360 |   221 |    96 ||  1126
Block: Other             |       |       |       |    71 |       |       |       ||    71
       Buckler           |       |       |       |    29 |   481 |       |       ||   510
       Reflection        |       |       |       |     2 |    14 |    50 |    58 ||   124
       Large shield      |       |       |       |       |   542 |  2295 |   964 ||  3801
       Rpst.: Long sword |       |       |       |       |    75 |       |       ||    75

Vault maps used:
D:1:      sevenhm_arrival_forest_fort_small_6, serial_park_tiny_1,
          minmay_pentomino_o2
D:2:      lemuel_blue_sif_altar, chequers_ecumenical_altar_lobes,
          grunt_decor_arrowhead, minmay_fountain_box
D:3:      grunt_ministairs_8
D:4:      serial_bayou_lake_a
D:5:      first_ration
D:6:      basic_altar, uniq_menkaure
D:7:      minmay_temple_entry_large_hall, serial_shops, nicolae_shop_crystal
D:8:      david_lair_generic, special_room, uniq_maurice
D:9:      minmay_goldmine, nicolae_ru_great_annihilating_truth
D:10:     hangedman_pestilent_swarm
D:11:     erik_orc_3, hangedman_abyss_or_decor_passed
D:12:     evilmike_iron_armoury, uniq_erolcha, uniq_frances, uniq_nergalle
D:13:     serial_shops, shop_statue, uniq_rupert
D:14:     david_vaults_4, serial_shops, shop, minmay_holes,
          nicolae_lava_and_water, uniq_snorg, uniq_azrael
D:15:     grunt_enter_depths_giant_problem, serial_shops,
          nicolae_shop_statue_plus, basic_altar, serial_park_square1,
          minmay_hollow_rounded_squares
Temple:   nicolae_temple_the_god_donut
Lair:1:   uniq_harold, uniq_fannar
Lair:2:   swamp_mist_pool
Lair:3:   spider_nest_entry_webs, eino_house_with_fridge,
          infiniplex_staircase_pool
Lair:4:   regret_index_tunnel_blossom, lab_entry_generic,
          grunt_forest_large_clearings, serial_bayou_shore_a
Lair:5:   grunt_megastairs_2
Lair:6:   minmay_lair_end_frog_pond, slime_altar_1, nicolae_volcano_entry_s_turn
Swamp:1:  basic_altar
Swamp:2:  nicolae_swamp_dense_foliage, swamp_pool4, infiniplex_staircase_pool_2,
          uniq_nikola
Swamp:3:  portal_ice_cave_entry_dragon, hangedman_swamp_cone, swamp_pool1
Swamp:4:  swamp_vile
Spider:1: hangedman_spider_trapstep
Spider:2: uniq_aizul
Spider:4: spider_rune_water, zaba_anthell, uniq_jorgrun, uniq_kirke
Orc:2:    grunt_orc_community_town_hall, grunt_orc_community_big_house_1,
          grunt_orc_community_big_house_2, grunt_orc_community_house_1,
          grunt_orc_community_house_1, grunt_orc_community_house_3,
          grunt_orc_community_house_2, serial_shops, shop, shop, shop
Vaults:1: ontoclasm_vaults_loading_screen, hangedman_vaults_stitches,
          nicolae_vaults_halls_meeting, v_alt_pattern_4, v_misc_32,
          vaults_room_fours, vaults_room_pools, v_misc_15,
          nicolae_vaults_little_squares_6
Vaults:2: minmay_guarded_unrand_secular_launcher, ontoclasm_vaults_twist,
          v_misc_12, ontoclasm_vaults_eye,
          vaults_standard_mumra_enter_the_diamond, serial_shops, shop_fountains,
          uniq_mara
Lab:      labyrinth_watery, labyrinth_skeletal_remains
IceCv:    ice_cave_small_demon

Table legend:
 A = Turns spent in this place as a percentage of turns spent in the entire game.
 B = Non-inter-level travel turns spent in this place as a percentage of non-inter-level travel turns spent in the entire game.
 C = Inter-level travel turns spent in this place as a percentage of turns spent in this place.
 D = Turns resting spent in this place as a percentage of non-inter-level travel turns spent in this place.
 E = Turns spent auto-exploring this place as a percentage of non-inter-level travel turns spent in this place.
 F = Non-inter-level travel turns spent in this place divided by the number of levels of this place that you've seen.
                   A       B       C       D       E      F
               +-------+-------+-------+-------+-------+----------------------
         Total | 100.0 | 100.0 |   6.9 |  33.4 |  44.2 | 1189.3
       Dungeon |  46.3 |  45.7 |   8.1 |  33.6 |  46.1 | 1303.5
        Temple |   1.1 |   1.2 |   4.6 |   0.0 |  92.0 | 499.0
          Lair |  17.3 |  16.8 |   9.8 |  35.1 |  43.5 | 1196.5
         Swamp |  11.1 |  11.7 |   2.1 |  40.5 |  41.2 | 1249.0
   Spider Nest |  12.0 |  12.4 |   3.7 |  31.5 |  42.6 | 1331.8
  Orcish Mines |   4.1 |   3.8 |  13.6 |  16.5 |  61.7 | 816.5
        Vaults |   4.9 |   5.1 |   3.6 |  21.6 |  45.4 | 1092.0
     Labyrinth |   0.8 |   0.8 |   0.0 |  12.5 |   0.0 | 351.0
      Ice Cave |   2.4 |   2.6 |   0.0 |  66.8 |   2.6 | 1095.0
               +-------+-------+-------+-------+-------+----------------------

Table legend:
 A = Kills in this place as a percentage of kills in entire the game.
 B = Kills by you in this place as a percentage of kills by you in the entire game.
 C = Kills by friends in this place as a percentage of kills by friends in the entire game.
 D = Other kills in this place as a percentage of other kills in the entire game.
 E = Experience gained in this place as a percentage of experience gained in the entire game.
 F = Experience gained in this place divided by the number of levels of this place that you have seen.
                   A       B       C       D       E      F
               +-------+-------+-------+-------+-------+----------------------
         Total | 100.0 | 100.0 |   N/A | 100.0 | 100.0 | 11473.9
       Dungeon |  35.1 |  35.2 |   N/A |  29.4 |  19.5 | 5381.9
          Lair |  19.5 |  19.7 |   N/A |   0.0 |  15.8 | 10852.0
         Swamp |  10.9 |  10.9 |   N/A |  11.8 |  18.0 | 18623.8
   Spider Nest |  16.7 |  16.9 |   N/A |   0.0 |  23.7 | 24502.0
  Orcish Mines |   7.1 |   7.1 |   N/A |   5.9 |   2.9 | 6088.0
        Vaults |   8.6 |   8.0 |   N/A |  52.9 |  18.3 | 37725.0
     Labyrinth |   0.1 |   0.1 |   N/A |   0.0 |   0.3 | 1164.0
      Ice Cave |   2.0 |   2.1 |   N/A |   0.0 |   1.4 | 5927.0
               +-------+-------+-------+-------+-------+----------------------
